 Dungeon Crawl Stone Soup version 0.29.0-4-gdea44cf6ec (webtiles) character file.

Game seed: 15744503148075908211

5 hawk the Cleaver (level 1, 0/17 HPs)
             Began as a Gnoll Wanderer on Aug 28, 2022.
             Slain by a hobgoblin (3 damage)
             ... on level 1 of the Dungeon.
             The game lasted 00:00:15 (78 turns).

hawk the Cleaver (Gnoll Wanderer)                     Turns: 78, Time: 00:00:15

Health: 0/17       AC:  3    Str: 12    XL:     1   Next: 80%
Magic:  6/6        EV: 11    Int: 11    God:
Gold:   14         SH:  0    Dex: 10    Spells: 8/9 levels left

rFire   . . .      SeeInvis .   a - +0 hand axe
rCold   . . .      Faith    .   (no shield)
rNeg    . . .      Spirit   .   e - +0 leather armour
rPois   .          Reflect  .   (no helmet)
rElec   .          Harm     .   (no cloak)
rCorr   .          Rampage  .   (no gloves)
Will    .....                   (no boots)
Stlth   +.........              (no amulet)
HPRegen 0.05/turn               (no ring)
MPRegen 0.10/turn               (no ring)

@: no status effects
A: fangs 1, strong nose, distributed training
a: no special abilities


You were on level 1 of the Dungeon.
You visited 1 branch of the dungeon, and saw 1 of its levels.

You collected 14 gold pieces.

Inventory:

Hand Weapons
 a - a +0 hand axe (weapon)
 c - a +0 dagger
Missiles
 b - 14 poisoned darts (quivered)
Armour
 e - a +0 leather armour (worn)
Scrolls
 d - a scroll of silence
 f - a scroll of teleportation {unknown}


   Skills:
 + Level 2.4 Fighting
 + Level 0.1 Short Blades
 + Level 0.1 Long Blades
 + Level 8.4 Axes
 + Level 0.1 Maces & Flails
 + Level 0.1 Polearms
 + Level 0.1 Staves
 + Level 0.1 Ranged Weapons
 + Level 2.4 Throwing
 + Level 0.1 Armour
 + Level 0.1 Dodging
 + Level 0.1 Stealth
 + Level 0.1 Shields
 + Level 0.1 Unarmed Combat
 + Level 4.9 Spellcasting
 + Level 0.1 Conjurations
 + Level 3.6 Hexes
 + Level 0.1 Summonings
 + Level 0.1 Necromancy
 + Level 0.1 Translocations
 + Level 0.1 Transmutations
 + Level 0.1 Fire Magic
 + Level 0.1 Ice Magic
 + Level 0.1 Air Magic
 + Level 0.1 Earth Magic
 + Level 0.1 Poison Magic
 + Level 0.2 Invocations
 + Level 0.1 Evocations


You had 8 spell levels left.
You knew the following spells:

 Your Spells              Type           Power      Damage    Failure   Level
a - Slow                  Hex            40%        N/A       6%          1

Your spell library contained the following spells:

 Spells                   Type           Power      Damage    Failure   Level
 Ensorcelled Hibernation  Hex/Ice        12%        N/A       19%         2
 Fulminant Prism          Conj/Hex       3%         3d6       77%         4


Dungeon Overview and Level Annotations

Branches:
Dungeon (1/15)

Altars:


Innate Abilities, Weirdness & Mutations

You have very sharp teeth.
Your uncanny sense of smell can sniff out nearby items.
Your experience applies equally to all skills.


Message History

The endoplasm misses you.
You hit the endoplasm but do no damage. The endoplasm freezes you.
You are frozen.
You hit the endoplasm.
The endoplasm is lightly wounded.
The endoplasm freezes you.
You are frozen.
You hit the endoplasm.
You kill the endoplasm!
You barely miss the quokka. The quokka barely misses you.
A quokka is nearby!
You closely miss the quokka. The quokka bites you.
You hit the quokka.
The quokka is moderately wounded.
The quokka barely misses you.
You hit the quokka but do no damage.
The quokka is moderately wounded.
The quokka closely misses you.
You barely miss the quokka.
The quokka is moderately wounded.
The quokka bites you.
* * * LOW HITPOINT WARNING * * *
You hit the quokka.
The quokka is severely wounded.
The quokka bites you.
* * * LOW HITPOINT WARNING * * *
You hit the quokka but do no damage.
The quokka is severely wounded.
The quokka misses you.
You hit the quokka.
You kill the quokka!
A hobgoblin comes into view.
Found 9 gold pieces and a pair of boots.
Found a sapphire potion.
The hobgoblin shouts!
Unknown command.
You see here a poisoned dart.
You barely miss the hobgoblin. The hobgoblin hits you.
You die...

#......#
#......#
#......#
###......#
+........#
###.....###
#####...##
####..#
#..g@.+
#.$...#
#.....#
#.....+
!......# ∆
#...[...#
#.......#
#...#....


You could see a hobgoblin.

Vanquished Creatures
  An endoplasm (D:1)
  A kobold (D:1)
  2 quokkas (D:1)
4 creatures vanquished.

Notes
Turn   | Place    | Note
-------+----------+-------------------------------------------
     0 | D:1      | hawk the Gnoll Wanderer began the quest for the Orb.
     0 | D:1      | hawk set off with the following items: a +0 hand axe, 15
                  | poisoned darts, a +0 dagger, a scroll of silence, a +0
                  | leather armour; and the following spell memorised: Slow;
                  | and the following spells available to memorise: Ensorcelled
                  | Hibernation, Fulminant Prism.
     0 | D:1      | Reached XP level 1. HP: 17/17 MP: 6/6
    78 | D:1      | Slain by a hobgoblin

Illustrated notes

Levels and vault maps discovered:
D:1:      noname_arrival_rooms_in_the_neighbourhood, layout_basic,
          dreamdust_ecumenical_altar_drowned_temple

Action                   || total
-------------------------++-------
Melee: Hand axe          ||    18
       Bite              ||     2
Throw: Dart              ||     4
Armor: Leather armour    ||     2
Dodge: Dodged            ||     5
